 Dungeon Crawl Stone Soup version 0.19-a0-1216-g363869b (webtiles) character file.

315 Lindan9 the Sneak (level 6, -1/43 HPs)
             Began as a Vampire Artificer on Aug 24, 2016.
             Slain by a centaur (5 damage)
             ... on level 4 of the Dungeon.
             The game lasted 00:12:17 (2978 turns).

Lindan9 the Sneak (Vampire Artificer)               Turns: 2978, Time: 00:12:18

Health: -1/43      AC:  6    Str: 11    XL:     6   Next: 19%
Magic:  8/8        EV: 13    Int: 15    God:
Gold:   109        SH:  0    Dex: 15    Spells: 0 memorised, 5 levels left

rFire  . . .     SeeInvis +     l - +1 dagger (distort)
rCold  . . .     Gourm    .     b - +0 leather armour
rNeg   + . .     Faith    .     (no shield)
rPois  .         Spirit   .     g - +1 helmet
rElec  .         Dismiss  .     m - +0 cloak
rCorr  .         Reflect  .     (no gloves)
MR     .....     Harm     .     (no boots)
Stlth  +++.......               (no amulet)
                                (no ring)
                                (no ring)

@: no status effects
A: fangs 3, see invisible, unbreathing
a: Bat Form


You were on level 4 of the Dungeon.
You were not thirsty.

You visited 1 branch of the dungeon, and saw 4 of its levels.

You collected 109 gold pieces.

Inventory:

Hand Weapons
 a - a +0 short sword
 l - a +1 dagger of distortion (weapon)
Armour
 b - a +0 leather armour (worn)
 g - a +1 helmet (worn)
 m - a +0 cloak (worn)
 t - a gold dragon hide
Wands
 c - a wand of flame (15/48)
 d - a wand of enslavement (15/24)
 e - a wand of random effects (15/48)
 u - a wand of teleportation (3/9)
Scrolls
 h - 3 scrolls of identify
 n - a scroll of blinking
 o - a scroll of magic mapping {unknown}
 p - 2 scrolls of remove curse
 s - a scroll of fear
 x - a scroll of recharging {unknown}
 y - a scroll of enchant armour {unknown}
Potions
 f - 2 potions of blood
 i - a potion of beneficial mutation {unknown}
 j - a potion of agility
 k - a potion of mutation {unknown}
 q - a potion of cure mutation {unknown}
 r - 2 potions of ambrosia {unknown}
 v - a potion of curing {unknown}
 w - a potion of heal wounds {unknown}
 z - a potion of flight {unknown}


   Skills:
 + Level 1.1 Fighting
 + Level 2.5 Short Blades
 + Level 2.2 Armour
 + Level 3.7 Dodging
 + Level 5.0 Stealth
 + Level 3.5 Evocations


You had 5 spell levels left.
You didn't know any spells.

Dungeon Overview and Level Annotations

Branches:
Dungeon (4/15)
 Temple: D:4-7

Altars:

Annotations:
Abyss:1 Crazy Yiuf


Innate Abilities, Weirdness & Mutations

You have razor-sharp teeth.
You have supernaturally acute eyesight. (SInv)
You can survive without breathing.


Message History

You see here a potion of blood.
f - 2 potions of blood (gained 1)
A centaur comes into view.
The centaur wields a shortbow.
The centaur shoots an arrow.
The arrow barely misses you.
You see here an arrow.
The centaur shoots an arrow.
The arrow hits you!
You see here an arrow.
The centaur shoots an arrow.
The arrow hits you!
The centaur shoots an arrow.
The arrow barely misses you.
Found a mace.
The centaur shoots an arrow.
The arrow hits you!
* * * LOW HITPOINT WARNING * * *
The jackal barks!
You see here an arrow.
You are too injured to fight recklessly!
You are too injured to fight recklessly!
The centaur unwields an uncursed shortbow.
The centaur hits you.
You die...

..................#......
..........(.............
###############....(#.#
###.....# ##########
#.......# # .........#
#.#...((#)### ########.#
#.#.....h.....#
########.####.#.(..##.###.#
..............#.@..# .#
.##.####.####.#c...# #
.##.# #.# ......# .##.# ..#
#..##### .##.# ### #..
.##.# #.. .##.# ### <##.#
###.#


You could see a centaur and a jackal.

Vanquished Creatures
  2 ogres (D:4)
  An orc wizard (D:3)
  A worker ant (D:4)
  2 adders
  An ooze (D:1)
  A worm (D:3)
  A dart slug (D:1)
  2 giant geckos
  4 orcs (D:3)
  5 giant cockroaches
  7 goblins
  A hobgoblin (D:3)
  4 jackals
  8 kobolds
  2 ball pythons (D:1)
  4 bats
  3 rats
49 creatures vanquished.

Vanquished Creatures (others)
  A giant cockroach (D:1)
1 creature vanquished.

Grand Total: 50 creatures vanquished

Notes
Turn   | Place    | Note
-------+----------+-------------------------------------------
     0 | D:1      | Lindan9 the Vampire Artificer began the quest for the Orb.
     0 | D:1      | Reached XP level 1. HP: 14/14 MP: 2/2
    63 | D:1      | Reached skill level 1 in Fighting
   220 | D:1      | Reached XP level 2. HP: 21/21 MP: 4/4
   492 | D:1      | Reached skill level 2 in Stealth
  1074 | D:2      | Reached XP level 3. HP: 26/26 MP: 5/5
  1102 | D:2      | Found a faded altar of an unknown god.
  1366 | D:2      | Found a runed door.
  1370 | D:2      | Noticed Crazy Yiuf
  1372 | D:2      | Banished Crazy Yiuf
  1787 | D:3      | Reached XP level 4. HP: 32/32 MP: 6/6
  2164 | D:3      | Reached skill level 3 in Stealth
  2292 | D:3      | Reached skill level 1 in Armour
  2570 | D:4      | Noticed a phantom
  2570 | D:4      | Noticed an ogre
  2580 | D:4      | Killed an ogre
  2580 | D:4      | Reached skill level 4 in Stealth
  2580 | D:4      | Reached XP level 5. HP: 14/37 MP: 7/7
  2928 | D:4      | Noticed an ogre
  2931 | D:4      | Killed an ogre
  2931 | D:4      | Reached skill level 5 in Stealth
  2931 | D:4      | Reached XP level 6. HP: 29/43 MP: 8/8
  2978 | D:4      | Slain by a centaur

Vault maps used:
D:1:      lemuel_arrival_muddy, serial_glass, glass_columns_a, glass_columns_b
D:2:      ecumenical_altar_2, uniq_crazy_yiuf_cottage
D:3:      first_bread
D:4:      nemelex_dance_club_becter

Skill      XL: |  1  2  3  4  5 |
---------------+----------------+-----
Fighting       | 1 |  1.1
Evocations     | 3 |  3.5
Stealth        | 2 4 5 |  5.0
Armour         | 1 2 |  2.2
Dodging        | 3 |  3.7
Short Blades   | 2 |  2.5

Action                   |  1- 3 |  4- 6 || total
-------------------------+-------+-------++-------
Melee: Short sword       |    41 |       ||    41
       Bite              |     7 |     9 ||    16
       Dagger            |    36 |    41 ||    77
  Use: Scroll            |     7 |       ||     7
       Potion            |       |     3 ||     3
 Stab: Sleeping          |     4 |     4 ||     8
  Eat: Corpse            |     3 |       ||     3
Armor: Leather armour    |    23 |     5 ||    28
Dodge: Dodged            |    52 |    26 ||    78
